cohdb
Replays
Latest Replays
All Replays
Popular Replays
Top Player Replays
Match Explorer
How It Works
Community
CoH3 Stats
Reddit
Sign in to upload your games and track your stats! →
Sign in with Steam
Match 47072848
Unlisted
Match 47072848
Overview
Messages
Build Orders
End
Vickers Machine Gun Team
Construct Section Command Post
Selects Air and Sea Battlegroup
Selects Air and Sea Battlegroup
Infantry Section
Infantry Section
Infantry Section
Vickers Machine Gun Team
Selects Supply Surplus
Construct Field Infirmary
Forward Retreat Point
Construct Platoon Command Post
6-pounder Anti-tank Gun Team
Infantry Training
6-pounder Anti-tank Gun Team
Construct Company Command Post
Selects UNKNOWN (223837)
Selects Commando Section Paradrop
Selects Commando Support Section Paradrop
Grenade Package
Centaur IV Medium Tank
Foot Guards Section
Centaur IV Medium Tank
Armored Vehicle Training
Team Weapon Training
Selects Anti-tank Rocket Loiter
Anti-tank Rocket Loiter
jorge7289
Goodvyn
0
0
Comments
sign in to comment!
No comments posted yet!